 Dungeon Crawl Stone Soup version 0.29-a0-40-g8eb35efe60 (webtiles) character file.

Game seed: 13583172863505374730

3106 blackman the Basher (level 10, -16/72 HPs)
             Began as a Human Delver on Feb 1, 2022.
             Was a Priest of Fedhas.
             Killed by an exploding ballistomycete spore (17 damage)
             ... set off by their pet
             ... on level 8 of the Dungeon.
             The game lasted 01:01:10 (14489 turns).

blackman the Basher (Human Delver)                 Turns: 14489, Time: 01:01:11

Health: -16/72     AC: 15    Str: 16    XL:     10   Next: 13%
Magic:  7/16       EV: 15    Int: 14    God:    Fedhas [***...]
Gold:   459        SH:  0    Dex: 15    Spells: 9/9 levels left

rFire   . . .      SeeInvis .   A - +10 flail of Wrath {vorpal, Fragile rPois rCorr}
rCold   . . .      Faith    +   (no shield)
rNeg    . . .      Spirit   .   e - +0 chain mail
rPois   +          Reflect  .   S - +2 helmet {Int+3}
rElec   .          Harm     .   U - +0 cloak
rCorr   +          Rampage  .   (no gloves)
Will    .....                   c - +2 pair of boots {Stlth+}
Stlth   ..........              q - amulet of faith
HPRegen 0.22/turn               f - +4 ring of evasion
MPRegen 0.15/turn               G - +4 ring of evasion

@: confused, studying Throwing
A: no striking features
a: Renounce Religion, Wall of Briars, Grow Ballistomycete


You were on level 8 of the Dungeon.
You worshipped Fedhas.
Fedhas was most pleased with you.
You visited 1 branch of the dungeon, and saw 8 of its levels.

You collected 531 gold pieces.
You spent 72 gold pieces at shops.

Inventory:

Hand Weapons
 a - a +0 whip
 b - a +0 hunting sling
 l - a +0 hand axe
 n - a +0 spear
 t - a +0 war axe
 A - the +10 flail of Wrath (weapon) {vorpal, Fragile rPois rCorr}
   (You found it on level 4 of the Dungeon)

   It inflicts extra damage upon your enemies.
   rPois:     It protects you from poison.
   rCorr:     It protects you from acid and corrosion.
   Fragile:   It will be destroyed if unequipped.
Missiles
 x - 153 stones (quivered)
 H - 8 poisoned darts
 K - 10 javelins
 N - a throwing net
Armour
 c - a +2 pair of boots of stealth (worn)
 e - a +0 chain mail (worn)
 r - the +1 robe of Mutualism {rElec rF+}
   (You took it off a hobgoblin on level 4 of the Dungeon)

   rF:        It protects you from fire.
   rElec:     It insulates you from electricity.
 w - a +0 leather armour
 D - a scarf of harm
 S - a +2 helmet of intelligence (worn)
 U - a +0 cloak (worn)
Jewellery
 f - a +4 ring of evasion (left hand)
 q - an amulet of faith (around neck)
 z - a ring of willpower
 G - a +4 ring of evasion (right hand)
 M - a ring of poison resistance
 T - an amulet of regeneration
Wands
 g - a wand of digging (1)
 C - a wand of acid (16)
 F - a wand of paralysis (1)
 L - a wand of flame (24)
 X - a wand of iceblast (4)
Scrolls
 h - 3 scrolls of teleportation
 j - a scroll of brand weapon
 m - a scroll of noise
 u - 2 scrolls of vulnerability
 v - 5 scrolls of enchant armour
 B - a scroll of enchant weapon
 I - a scroll of fear
 J - 2 scrolls of torment
 O - a scroll of amnesia
 P - 3 scrolls of immolation
Potions
 i - 2 potions of ambrosia
 k - 3 potions of curing
 o - a potion of degeneration {unknown}
 p - 5 potions of mutation
 s - a potion of lignification
 Q - 2 potions of attraction {unknown}
 V - a potion of brilliance {unknown}
 W - a potion of magic {unknown}
 Y - a potion of might {unknown}
 Z - a potion of flight {unknown}


   Skills:
 * Level 4.2 Fighting
 - Level 4.7(7.7) Axes
 - Level 9.5(10.0) Maces & Flails
 - Level 0.2(2.8) Polearms
 - Level 2.5 Throwing
 - Level 2.0 Dodging
 - Level 5.0 Stealth
 - Level 8.2 Invocations


You had 9 spell levels left.
You didn't know any spells.
Your spell library contained the following spells:

 Spells                   Type           Power      Damage    Failure   Level
 Shock                    Conj/Air       0%         1d3       99%         1
 Corpse Rot               Necr/Air       0%         N/A       100%        2
 Poisonous Vapours        Pois/Air       0%         N/A       100%        2
 Swiftness                Air            0%         N/A       100%        3
 Airstrike                Air            0%         N/A       100%        4
 Chain Lightning          Conj/Air       0%         N/A       100%        9
 Fire Storm               Conj/Fire      0%         5d1       100%        9
 Shatter                  Erth           0%         3d5*      100%        9


Dungeon Overview and Level Annotations

Branches:
Dungeon (8/15)             Temple (0/1) D:6
   Lair: D:8-11

Altars:
Dithmenos
Fedhas
Gozag

Shops:
D:2 *   D:4 (

Annotations:
D:8 Gastronok


Message History

You walk carefully through the plants.
A ballistomycete spore comes into view.
The five-headed hydra bites you.
The five-headed hydra bites you but does no damage.
The five-headed hydra closely misses you.
The five-headed hydra bites you.
The five-headed hydra bites you but does no damage. 2 ballistomycete spores come into view.
The five-headed hydra bites you! x2; The five-headed hydra bites you.
The five-headed hydra bites you! x2
Your ballistomycete spore explodes!
Fedhas protects your plant from harm.
The five-headed hydra appears confused.
The explosion of spores engulfs the five-headed hydra!
The five-headed hydra is moderately wounded.
The explosion of spores engulfs you!!
You are confused.
* * * LOW HITPOINT WARNING * * *
Fedhas protects your plant from harm. x2
The five-headed hydra is struck by your briar patch's thorns.
The five-headed hydra bites your briar patch.
The five-headed hydra bites your briar patch but does no damage.
The five-headed hydra bites your briar patch!
The five-headed hydra bites your briar patch but does no damage.
The five-headed hydra bites your briar patch!
Unknown command.
You feel better.
The five-headed hydra bites you but does no damage.
The five-headed hydra closely misses you. x2
The five-headed hydra bites you!
* * * LOW HITPOINT WARNING * * *
The five-headed hydra barely misses you.
Your ballistomycete spore explodes!
The five-headed hydra appears confused.
The explosion of spores engulfs the five-headed hydra!!
The five-headed hydra is severely wounded.
The explosion of spores engulfs you!
You are confused.
You die...
Fedhas appreciates your contribution to the ecosystem.

......###..# Y..#
.....###...# (.#
.........#.# (.#
........##.# ..#
........##.#####.##
..................###
........#.....P.PP..#
........##.....P.P.#
........###..#*P@.##
#......## #####PD##
......## ##P# ......#
#.# .....## #.#
.....## #.# ......#
#.# .....## ###
###.##


You could see a five-headed hydra (confused, ally target), a friendly
ballistomycete (summoned) and a friendly ballistomycete spore.

Vanquished Creatures
  The ghost of timneilson the Covered, a novice GrFi of Okawaru (D:5)
  An acid dragon (D:5)
  2 water moccasins
  An orc warrior (D:8)
  4 necrophages
  2 centaurs
  4 ogres
  A phantom (D:5)
  Blork the orc (D:5)
  A bullfrog (D:6)
  A wyvern zombie (D:6)
  2 scorpions (D:6)
  2 howler monkeys
  3 bullfrog zombies
  2 centaur zombies
  A hound (D:5)
  A gnoll shaman (D:8)
  2 orc priests (D:3)
  Crazy Yiuf (D:6)
  A bullfrog skeleton (D:6)
  2 centaur skeletons (D:6)
  4 iguanas
  2 orc wizards (D:8)
  12 gnolls
  3 adders
  A shadow imp (D:5)
  An ufetubus (D:5)
  An adder skeleton (D:4)
  A worm (D:2)
  The ghost of freelancePsychic the Sneak, a weakling KoDe (D:4)
  4 dart slugs
  13 orcs
  7 bats
  9 endoplasms
  3 giant cockroaches
  8 goblins
  4 hobgoblins
  3 kobolds
  2 quokkas (D:5)
  5 ball pythons
  4 frilled lizards
  5 rats
129 creatures vanquished.

Vanquished Creatures (collateral kills)
  A gnoll (D:4)
  5 ballistomycete spores
6 creatures vanquished.

Vanquished Creatures (others)
  6 plants (D:4)
6 creatures vanquished.

Grand Total: 141 creatures vanquished

Notes
Turn   | Place    | Note
-------+----------+-------------------------------------------
     0 | D:5      | blackman the Human Delver began the quest for the Orb.
     0 | D:5      | Reached XP level 1. HP: 18/18 MP: 1/1
     4 | D:5      | Found a glowing drain.
   107 | D:5      | Found a runed translucent gate.
   107 | D:5      | Found a runed translucent gate.
   107 | D:5      | Found an opulent altar of Gozag.
   107 | D:5      | Found a runed translucent gate.
   107 | D:5      | Noticed timneilson's ghost (novice GrFi)
   107 | D:5      | Noticed an acid dragon
   148 | D:5      | Reached XP level 2. HP: 11/24 MP: 2/2
   372 | D:4      | Noticed a howler monkey
  1456 | D:1      | Reached XP level 3. HP: 24/29 MP: 3/3
  1734 | D:1      | Found a faded altar of an unknown god.
  1946 | D:1      | Prayed at the altar of an unknown god.
  1946 | D:1      | Became a worshipper of Fedhas Madash
  1946 | D:1      | Reached * piety under Fedhas
  2723 | D:2      | Reached skill level 1 in Maces & Flails
  2777 | D:2      | Reached XP level 4. HP: 32/35 MP: 4/4
  3670 | D:2      | Found Vuoloped's General Store.
  3733 | D:2      | Bought a scroll of teleportation for 36 gold pieces
  3733 | D:2      | Bought a potion of lignification for 36 gold pieces
  3814 | D:2      | Reached ** piety under Fedhas
  3918 | D:3      | Reached skill level 2 in Maces & Flails
  5686 | D:3      | Found a shadowy altar of Dithmenos.
  5896 | D:3      | Reached skill level 3 in Maces & Flails
  5896 | D:3      | Reached XP level 5. HP: 28/41 MP: 5/5
  6552 | D:4      | Reached XP level 6. HP: 47/47 MP: 6/6
  6927 | D:4      | Identified the +1 robe of Mutualism {rElec rF+}
  7041 | D:4      | Noticed a necrophage
  7540 | D:4      | Noticed an ogre
  7558 | D:4      | Identified the +10 flail of Wrath {vorpal, Fragile rPois
                  | rCorr}
  7647 | D:4      | Killed an ogre
  7648 | D:4      | Reached skill level 4 in Maces & Flails
  7737 | D:4      | Found Deumm's Weapon Boutique.
  7756 | D:4      | Reached *** piety under Fedhas
  7839 | D:4      | Killed a necrophage
  7840 | D:4      | Reached skill level 5 in Maces & Flails
  7840 | D:4      | Reached XP level 7. HP: 52/52 MP: 7/7
  7900 | D:4      | Found a transporter.
  7900 | D:4      | Found a transporter.
  7946 | D:4      | Noticed freelancePsychic's ghost (weakling KoDe)
  8065 | D:5      | Reached skill level 1 in Invocations
  8512 | D:5      | Noticed Blork the orc
  9015 | D:5      | Noticed a water moccasin
  9022 | D:5      | Killed a water moccasin
  9023 | D:5      | Reached XP level 8. HP: 55/58 MP: 9/11
  9279 | D:5      | Reached skill level 6 in Maces & Flails
  9298 | D:5      | Reached skill level 5 in Invocations
  9874 | D:5      | Killed Blork the orc
 11459 | D:4      | Killed freelancePsychic's ghost
 11935 | D:6      | Reached XP level 9. HP: 59/63 MP: 12/14
 12106 | D:6      | Reached skill level 7 in Maces & Flails
 12106 | D:6      | Reached skill level 1 in Throwing
 12248 | D:6      | Identified the +1 leather armour of Teptole {Str+2}
 12534 | D:6      | Found a staircase to the Ecumenical Temple.
 12646 | D:6      | Found a runed translucent door.
 12647 | D:6      | Noticed Crazy Yiuf
 12801 | D:6      | Killed Crazy Yiuf
 12885 | D:7      | Reached skill level 8 in Maces & Flails
 13489 | D:5      | Killed timneilson's ghost
 13490 | D:5      | Reached skill level 9 in Maces & Flails
 13492 | D:5      | Reached XP level 10. HP: 33/70 MP: 12/16
 13990 | D:8      | Reached **** piety under Fedhas
 14056 | D:8      | Noticed Gastronok
 14477 | D:8      | Noticed a five-headed hydra
 14489 | D:8      | HP: 1/72 [five-headed hydra (8)]
 14489 | D:8      | Killed by an exploding ballistomycete spore... set off by
                  | their pet

Illustrated notes

Levels and vault maps discovered:
D:1:      dpeg_arrival_stonehenge_8_columns, layout_loops_corners,
          hellmonk_ecumenical_altar_heavens_door
D:2:      layout_basic, serial_shops, nicolae_shop_stone,
          minmay_misc_feat_hallway, kennysheep_generic_room_8
D:3:      layout_loops_ring, mainiacjoe_overflow_surrounded_room
D:4:      layout_rooms, serial_shops, nicolae_shop_bloodbath_and_beyond,
          gammafunk_ghost_gnarly_gnolls
D:5:      layout_loops_cross, ebering_ghost_gozag, cheibrodos_sewer_entry_drain,
          grunt_ministairs_15, uniq_blork_the_orc
D:6:      layout_cave_pools, minmay_temple_entry_fiery, grunt_ministairs_8,
          chequers_serial_rivers_small_3, uniq_crazy_yiuf_cottage
D:7:      layout_cave_pools
D:8:      minmay_opposing_rooms, layout_cave_pools, uniq_gastronok

Skill      XL: |  1  2  3  4  5  6  7  8  9 10 |
---------------+-------------------------------+-----
Axes           | 3 4 |  4.7
Maces & Flails | 1 3 5 6 9 |  9.5
Invocations    | 4 6 8 |  8.2
Throwing       | 2 |  2.5
Fighting       | 4 |  4.2
Polearms       | |  0.2
Dodging        | |  2.0
Stealth        | |  5.0

Action                   |  1- 3 |  4- 6 |  7- 9 | 10-12 || total
-------------------------+-------+-------+-------+-------++-------
Melee: Hand axe          |    64 |       |       |       ||    64
       Whip              |    32 |    97 |       |       ||   129
       Spear             |     7 |       |       |       ||     7
       Punch             |       |     2 |     5 |     2 ||     9
       War axe           |       |    14 |       |       ||    14
       Flail             |       |     8 |   149 |    25 ||   182
 Fire: Hunting sling     |       |    20 |       |       ||    20
Throw: Javelin           |       |    12 |     5 |     1 ||    18
       Dart              |       |     8 |     4 |     2 ||    14
       Stone             |       |     5 |     1 |     1 ||     7
Invok: Wall of Briars    |       |       |     3 |     2 ||     5
       Grow Ballistomyce |       |       |     2 |     1 ||     3
Evoke: Wand              |     1 |     1 |       |     1 ||     3
  Use: Scroll            |     3 |       |    12 |       ||    15
       Potion            |     1 |       |       |     1 ||     2
 Stab: Sleeping          |    10 |     4 |     4 |       ||    18
       Confused          |       |       |     1 |       ||     1
Armor: Leather armour    |     7 |       |       |       ||     7
       Ring mail         |    19 |    16 |    22 |       ||    57
       Chain mail        |       |       |    41 |    14 ||    55
Dodge: Dodged            |    73 |    89 |   155 |    20 ||   337

Table legend: (Time is in decaauts)
 A = Elapsed time spent in this place.
 B = Non-inter-level travel time spent in this place.
 C = Inter-level travel time spent in this place.
 D = Time resting spent in this place.
 E = Time spent auto-exploring this place.
 F = Levels seen in this place.
 G = Mean time per level.
                   A        B        C        D        E       F      G
               +--------+--------+--------+--------+--------+-----+--------+
         Total |  14517 |  13644 |    873 |   7330 |   3947 |   8 | 1814.6 |
       Dungeon |  14517 |  13644 |    873 |   7330 |   3947 |   8 | 1814.6 |
               +--------+--------+--------+--------+--------+-----+--------+

Top non-repeatable levels by time:
     D:4: 2868 daAuts
     D:5: 2840 daAuts
     D:2: 2756 daAuts
     D:3: 2624 daAuts
     D:1: 1225 daAuts
     D:6: 1032 daAuts
     D:7: 868 daAuts
     D:8: 300 daAuts
